[Event "European Women-ch 2023"]
[Site "Petrovac"]
[Date "2023.03.18"]
[Round "1.3"]
[White "Milliet, Sophie"]
[Black "Allahverdiyeva, Ayan"]
[Result "1-0"]
[ECO "B81"]
[WhiteElo "2404"]
[BlackElo "2124"]
[Annotator "TA"]
[PlyCount "128"]
[EventDate "2023.03.15"]
[EventType "swiss"]
[EventCountry "MNE"]
[SourceTitle "playchess.com"]
[Source "ChessBase"]
[SourceQuality "1"]
[TimeControl "40/5400+30:1800+30"]

1. e4 c5 2. Nf3 d6 3. d4 cxd4 4. Nxd4 Nf6 5. Nc3 a6 6. h3 e6 7. g4 Be7 {[%emt 0:00:05] B81: Sicilian Scheveningen: Keres Attack.} 8. g5 Nfd7 9. Be3 b5 {[%emt 0:00:40] White is slightly better.} (9... Bxg5 10. Nxe6 fxe6 11. Qh5+ (11. Qxd6 $2 Qe7 $19) 11... g6 12. Qxg5 $16) 10. a3 Bb7 ({But not} 10... Bxg5 11. Nxe6 fxe6 12. Qh5+ (12. Qxd6 $2 Qe7 $19) 12... g6 13. Qxg5 $16) 11. h4 O-O 12. Qd2 Nc6 13. O-O-O Nc5 (13... Nxd4 $11 {should be considered.} 14. Bxd4 Rc8) 14. f3 $1 $14 Rb8 15. Nxc6 Bxc6 16. b4 Nd7 17. h5 $36 {[%emt 0:00:31][%mdl 2048] White has some pressure.} Qc7 $1 18. g6 {[%emt 0:04:16] [#]} Bf6 $146 (18... Ne5 $11) ({Predecessor:} 18... Bb7 19. h6 fxg6 20. Bh3 Rf6 21. hxg7 Kxg7 22. f4 h5 23. Kb1 Nb6 24. Qd3 Nc4 25. Bc1 a5 26. Nxb5 Qc8 27. Bf1 d5 28. Qg3 axb4 29. e5 {1-0 Castle Jr,T (2147)-Villeneuve,R (2143) WZ-ch MC/03/00 email 2019}) 19. Qxd6 $16 Qxd6 20. Rxd6 Rfc8 {[%emt 0:07:46] [#]} 21. Nd5 {[%emt 0:10:40][%mdl 512] White is much more active.} exd5 22. gxf7+ (22. exd5 Bxd5 23. Rxd5 (23. Rxd7 Rd8 $14) 23... Ne5 $16) 22... Kxf7 23. exd5 Nb6 (23... Ne5 $16) 24. dxc6 $18 {[%emt 0:08:36][%cal Oc6c7] Strongly threatening c7!} Be7 {[%emt 0:00:05] [#] Against c7} 25. c7 $1 Bxd6 26. cxb8=Q ({Don't play} 26. cxb8=R Rxb8 27. Bd4 Nd5) 26... Rxb8 27. Bd3 Be5 28. Bxb6 Rxb6 29. Bxh7 {[%emt 0:00:05][%mdl 4096] Endgame KRB-KRB} a5 30. bxa5 Ra6 31. Rd1 Rxa5 32. Rd3 Ke7 33. Rb3 Bd6 34. Kb2 Be5+ 35. Kc1 (35. c3 $16) 35... Kd6 (35... Bd6 $11 {keeps the balance.}) 36. Bd3 Kc5 37. Kd2 Bf4+ 38. Ke2 Bc1 39. Kf2 Kc6 40. Kg3 Kc5 ({Black should play} 40... Bxa3 41. Be4+ Kd7) 41. Kg4 Kc6 42. Be4+ (42. f4 $18) 42... Kd6 43. Rd3+ Kc7 44. Rd5 Bxa3 (44... Kb6 $16 {was called for.} 45. Rd6+ Kc7 46. Rc6+ Kd7) 45. Rg5 Bb2 {[%emt 0:00:15] [#]} 46. c3 $1 Kd6 (46... Kd8 47. Rxg7) 47. c4 Ra1 48. cxb5 {[%emt 0:01:37] aiming for b6.} Rg1+ $2 (48... Ke6 {might work better.}) 49. Kf5 Rxg5+ (49... Rh1 $18 50. b6 Bf6) 50. Kxg5 {[%emt 0:00:04] KB-KB} Bd4 51. Kg6 Ke7 52. f4 Kf8 53. Bd3 Be3 54. Kf5 Ke7 55. Ke4 Bf2 56. Kd5 Kf6 57. Bg6 $2 (57. Kc6 $18 {and the rest is easy. Bg6 would kill now.} Bg3 58. f5) 57... Bg3 $2 {[%emt 0:00:44] [#] Loses the game.} (57... Be3 $16 58. Kd6 Bxf4+ 59. Kd7 Be3) 58. f5 $1 Ke7 59. Kc6 $2 (59. b6 Bf4 60. Kc6 Kd8 61. Kb7 Be3 62. h6 {[%mdl 64] Promotion} Bxh6 63. Kb8 Ke7 64. b7) 59... Bf4 $2 (59... Be5 $18 60. Kb7 Kd8) 60. b6 $2 (60. Kb7 {mates} Kd7 61. b6 Be3 62. h6 {[%mdl 64] Promotion} Bxh6 63. Ka8 Bf4 64. b7 Bd6 65. b8=Q) 60... Bg3 $2 (60... Kd8 $18 61. Bf7 Ke7) 61. Kb7 {[%emt 0:01:19] White mates.} Bf2 62. Kc7 Bg3+ 63. Kc6 Kd8 {[%emt 0:00:01] [#]} 64. f6 $1 Bf4 {Artfully played by Milliet.   Weighted Error Value: White=0.10 (very precise) /Black=0.31} (64... gxf6 65. h6) 1-0

[Event "European Women-ch 2023"]
[Site "Petrovac"]
[Date "2023.03.18"]
[Round "1.3"]
[White "Zimina, Olga"]
[Black "Bluebaum, Johanna"]
[Result "1-0"]
[ECO "C00"]
[WhiteElo "2295"]
[BlackElo "1954"]
[Annotator "TA"]
[PlyCount "91"]
[EventDate "2023.03.15"]
[EventType "swiss"]
[EventCountry "MNE"]
[SourceTitle "playchess.com"]
[Source "ChessBase"]
[SourceQuality "1"]
[TimeControl "40/5400+30:1800+30"]

1. e4 e6 2. Qe2 c5 3. g3 Nc6 4. Nf3 d6 5. Bg2 Be7 6. c3 {[%emt 0:01:25] C00: French: Unusual White 2nd moves.} Bf6 7. O-O Nge7 8. Rd1 {[%emt 0:04:46] White has an edge.} e5 {[%emt 0:01:03] [#]} 9. d3 $146 ({Predecessor:} 9. Na3 h5 10. Nc2 Bg4 11. h3 Bxf3 12. Bxf3 h4 13. Bg4 hxg3 14. fxg3 Qc7 15. Ne3 {1-0 Reinhart,E (2298)-Kubacsny,V (2080) Stuttgart-chA int 2008 (2)}) 9... O-O 10. Be3 Bg4 11. h3 Bc8 12. d4 Qa5 (12... exd4 $142 13. cxd4 Bxd4) 13. dxc5 dxc5 14. Nbd2 {[%emt 0:02:31] White is more active.} b6 15. Bf1 Be6 (15... Qa4 $16 {is a better defense.}) 16. Bg5 Rfd8 (16... b5 $142 17. Nb3 (17. Qxb5 Qxb5 18. Bxb5 Bxh3 $16) 17... Qb6) 17. Bxf6 $18 gxf6 18. Qe3 Qa4 19. b3 Qa3 20. Nc4 Bxc4 (20... Rxd1 $142 21. Rxd1 Qxa2) 21. Bxc4 {[%emt 0:00:14] Strongly threatening Qh6.} Na5 22. Bd5 Nxd5 23. exd5 c4 24. Nh4 Qf8 25. Nf5 {[%emt 0:02:39] Qe4 is the strong threat.} cxb3 $2 (25... Nb7 {was called for.} 26. Qe4 (26. bxc4 Rac8 $16) 26... Nd6 27. Nxd6 Qxd6 28. Qxc4 (28. bxc4 Rac8 $16) 28... f5) 26. axb3 Nxb3 (26... Nb7 $142 27. Nh6+ Kh8) 27. Ra4 Kh8 28. Rh4 {[%emt 0:01:56] aiming for Qf3.} Nc5 29. Rh6 Nd7 {[%emt 0:01:58] [#]} 30. Rxf6 $3 a5 (30... Nxf6 $2 31. Qxe5 $18) (30... Rdc8 31. Qe4) 31. Rh6 (31. Qg5 $18) 31... a4 (31... f6 $16 {was necessary.} 32. Qf3 Qf7) 32. Qe4 Qg8 $2 {[%emt 0:00:56] [#]} (32... f6 $16) 33. Rxb6 $3 {[%emt 0:01:50][%mdl 576] Deflection} a3 (33... Ra7 34. Rb5) 34. Ra1 f6 35. Rb5 Rdb8 36. Qb4 Rxb5 (36... a2 37. Kg2 Ra7) 37. Qxb5 Qc8 {[%emt 0:01:09] Black is weak on the light squares} 38. Qb4 Qc5 39. Qb7 Ra7 40. Qc6 $40 {[%emt 0:00:00][%mdl 128] White goes for the king.} (40. Qb3 $18 {and the rest is easy. d6 would be deadly.} Qb6 41. Qc4 (41. Rxa3 Rxa3 42. Qxa3 Qb1+ 43. Kg2 Qxf5 $17)) 40... a2 $2 (40... Qxc6 $16 41. dxc6 Nc5) 41. Qe6 Qf8 {[%emt 0:09:59] [#]} 42. Rxa2 $3 {[%emt 0:03:42][%mdl 576] Deflection} Rxa2 43. Qxd7 Ra1+ 44. Kg2 Rc1 45. Qc7 Qg8 46. Qd6 {[%emt 0:00:20] Ingenious play by Zimina!   Weighted Error Value: White=0.40/Black=0.77} 1-0

[Event "European Women-ch 2023"]
[Site "Petrovac"]
[Date "2023.03.18"]
[Round "1.4"]
[White "Zaksaite, Salomeja"]
[Black "Efroimski, Marsel"]
[Result "1-0"]
[ECO "D05"]
[WhiteElo "2187"]
[BlackElo "2451"]
[Annotator "TA"]
[PlyCount "125"]
[EventDate "2023.03.15"]
[EventType "swiss"]
[EventCountry "MNE"]
[SourceTitle "playchess.com"]
[Source "ChessBase"]
[SourceQuality "1"]
[TimeControl "40/5400+30:1800+30"]

1. d4 Nf6 2. e3 e6 3. Bd3 c5 4. c3 b6 5. Nf3 Bb7 6. Nbd2 d5 7. Ne5 Bd6 {[%emt 0:01:25] D05: Colle System with ...e6.} 8. f4 Ne4 (8... Qc7 $11 {keeps the balance.}) 9. Bb5+ $16 Kf8 {[%emt 0:00:33] [#] White is better.} 10. Nxe4 $146 ({Predecessor:} 10. Qh5 Bxe5 11. fxe5 Qg5 12. Qf3 Ke7 13. O-O Rf8 14. Nxe4 dxe4 15. Qh3 h6 16. Bd2 cxd4 17. cxd4 a5 18. Rac1 Ra6 19. Bxa6 Bxa6 20. Rc7+ Ke8 21. Rfxf7 {1-0 Anusha,N (2010)-Johannsdottir,J (1651) Wch U14 Girls 2007 (4)}) 10... dxe4 11. dxc5 bxc5 12. O-O {[%emt 0:02:20] Strongly threatening f5.} Qc7 {[%emt 0:05:08] [#]} 13. b4 $1 a6 14. Bc4 g6 15. Bb2 {[%emt 0:07:33] White is much more active.} Kg7 16. Qe2 (16. Nxf7 $16 Kxf7 17. Qg4) 16... Rc8 17. Ng4 h5 $1 18. Nf2 ({White should play} 18. Bxe6 $1 $14 fxe6 19. c4+ Kf7 20. Ne5+ Bxe5 21. fxe5+ Kg7 22. Rf6) 18... Nd7 $11 19. Rfd1 Nb6 20. bxc5 Bxc5 {[%emt 0:01:45] aiming for ...Nxc4.} (20... Qxc5 21. Bb3 $14) 21. Bb3 Rd8 22. c4+ Kh7 (22... f6 $14) 23. g4 $16 Qe7 (23... Rd3 $16 24. Rxd3 (24. Nxd3 exd3 25. Rxd3 Qc6 $16) (24. gxh5 Rxe3 25. hxg6+ fxg6 $11) 24... exd3 25. Nxd3 Be7) 24. gxh5 $18 Rg8 25. Kh1 Qh4 26. Ng4 {[%emt 0:01:17] Nf6+ is the strong threat.} Be7 {[%emt 0:00:15] Prevents Nf6+} (26... gxh5 $142 27. Nf6+ Kh6 28. Nxg8+ Rxg8) 27. h6 $2 ({White should try} 27. Ne5 $18) 27... Rad8 28. Ne5 {[%emt 0:02:13] Inhibits Rd3.} f6 29. Ng4 (29. Rxd8 $16 Bxd8 30. Ng4 (30. c5 fxe5 31. cxb6 exf4 $11)) 29... Nd7 $11 30. Rg1 {[%emt 0:04:50][%cal Oc4c5] Black must now prevent c5!} f5 31. Ne5 Nxe5 32. Bxe5 Rd3 {[%emt 0:00:39] Inhibits c5.} 33. c5 {[%emt 0:01:02] Some like it hot} Bxc5 $2 (33... Rgd8 $11 34. Qg2 (34. Bxe6 $2 Rd2 $19 {[%mdl 64] Skewer}) 34... Qh5) 34. Bxe6 $18 Rgd8 35. Bf7 $2 (35. Rxg6 {mates} Rd2 36. Bxf5 Qxh2+ 37. Kxh2 Rxe2+ 38. Rg2+ {[%mdl 64] Discovered Attack} Kxh6 39. Bg7+ Kh5 40. Bg6+ Kh4 41. Bf6#) 35... Rxe3 $2 (35... Bxe3 $11 36. Bxg6+ (36. Rxg6 Bxf4 37. Rg7+ Kxh6 $11) 36... Kxh6) 36. Bxg6+ Kxh6 37. Qb2 (37. Bxf5 $142 Rg3 38. Rxg3 Qxg3 {[%mdl 64] Remove Defender} 39. hxg3 e3+ 40. Kg1 Rd2 41. Re1 Rxe2 42. Rxe2) 37... Qe7 38. Bxf5 {[%emt 0:00:36] Bg7+ would kill now.} Rg3 39. hxg3 $4 (39. Rxg3 $18 {was the only winning move. White wants to mate with Rh3+.} e3+ 40. Rg2) 39... e3+ $19 40. Kh2 (40. Rg2 $2 Rd2 41. Kh2 Rxg2+ 42. Qxg2 Bxg2 43. Kxg2 Qb7+ 44. Kh2 Qf3 $19) 40... Rd2+ 41. Qxd2 exd2 42. Rgd1 (42. Rgb1 Bd4 43. Rxb7 (43. Bxd4 $2 Qe2+ $19) 43... Qxb7 44. Bxd4) 42... Qf7 43. Bh3 Be3 $2 (43... Qd5 $19 {is more deadly. ( -> ...Bf2)} 44. Bc3 Be3 45. Bxd2 Qf3 46. Bxe3 Qe2+ {[%mdl 64] Zwischenzug} 47. Kg1 Qxe3+ 48. Kf1 Qxg3) 44. Rab1 $17 Bf3 (44... Qd5 $1 $17 {[%cal Rd5f3] Hoping for ...Qf3.} 45. Rxb7 Qxb7) 45. Rxd2 $1 $11 {[%emt 0:02:22][%mdl 64] Deflection} Bxd2 46. Rb6+ Kh7 (46... Kh5 $5 47. Rf6 $8 Qxa2 48. Rf5+ Kh6 49. Rf6+ Kh5 50. Rf5+ Kh6 51. Rf6+ Kh5 $11) 47. Rd6 $2 {[%emt 0:02:34][%mdl 8192] [#]} (47. Rf6 $1 $11 Qe8 48. Bf5+ Kg8 49. Rg6+ Kf8 50. Rf6+ Kg8 51. Rg6+ Kf8 52. Rf6+ Kg8) 47... Qh5 $4 {[%emt 0:03:16][%mdl 8192] [#]} 48. Rd8 $1 $18 (48. Rxd2 $2 Bg4 49. Kg1 Bxh3 $19) 48... Qf7 $2 (48... Kg6 49. Rh8 (49. Rxd2 $2 {too greedy.} Bg4 $19) 49... Bg4 50. Rxh5 Kxh5) 49. Rd7 ({Weaker is} 49. Rxd2 Bc6 $16) 49... Qxd7 50. Bxd7 {[%emt 0:00:03][%mdl 4096] Endgame KBB-KBB} Kg6 51. Kh3 a5 (51... Bd5 $142 52. a3 Kf7) 52. Kh4 Be4 53. Be8+ Kh6 54. Kg4 Bc2 55. a4 Bd1+ (55... Bd3 $142 56. Kf3 Bc2) 56. Kf5 {[%emt 0:01:06] Threatens to win with g4.} Bc2+ 57. Kf6 Bd1 58. f5 {[%emt 0:00:12][%cal Bf4f5,Bf5f6][%mdl 32] And now Bf4+ would win.} Bb3 $2 (58... Bb4 59. Bf4+ Kh7) 59. Bf4+ {[%emt 0:00:23] White is clearly winning.} Bxf4 60. gxf4 Bc2 61. Bd7 Kh7 62. Ke7 Kg8 63. f6 {[%emt 0:00:08] A wild game. Beautiful play by Zaksaite!   Weighted Error Value: White=0.56/Black=0.76} 1-0

[Event "European Women-ch 2023"]
[Site "Petrovac"]
[Date "2023.03.18"]
[Round "1.4"]
[White "Petrova, Irina"]
[Black "Zawadzka, Jolanta"]
[Result "1-0"]
[ECO "B30"]
[WhiteElo "2123"]
[BlackElo "2391"]
[Annotator "TA"]
[PlyCount "63"]
[EventDate "2023.03.15"]
[EventType "swiss"]
[EventCountry "MNE"]
[SourceTitle "playchess.com"]
[Source "ChessBase"]
[SourceQuality "1"]
[TimeControl "40/5400+30:1800+30"]

1. e4 c5 2. Nf3 e6 3. b3 Nc6 4. Bb5 d6 5. Bxc6+ bxc6 6. O-O {[%emt 0:02:43] B30: Sicilian: 2...Nc6 3 Bb5, lines without ...g6.} g6 7. Bb2 (7. e5 $16) 7... e5 $11 {[%emt 0:00:11] [#]} 8. c3 $146 {[%emt 0:09:46] The position is equal.} ({Predecessor:} 8. d3 Bg7 9. Nbd2 Ne7 10. Nc4 O-O 11. c3 Bg4 12. h3 Be6 13. Qe2 Rb8 14. Rad1 {1-0 Petrova,I (2123)-Toncheva,N (2192) Titled Tuesday intern op 28th Feb Early blitz 2023 (11)}) 8... Bg7 9. d4 exd4 10. cxd4 {[%emt 0:02:22] Black must now prevent Qc1.} Bg4 $1 11. Nbd2 {[%emt 0:09:24] Qc2 would be deadly.} cxd4 12. Nc4 c5 13. e5 dxe5 14. Ncxe5 (14. h3 Bxf3 15. Qxf3 Rc8 $17) 14... Bxe5 {[%emt 0:03:33] This pair of bishops is nice.} 15. Qe1 $1 Bxf3 16. Qxe5+ Qe7 $1 17. Qxh8 Qg5 $1 18. g3 {[%emt 0:02:28] Really sharp!} (18. Qxg8+ $2 Ke7 19. g3 Rxg8 $19) 18... O-O-O 19. Rac1 Bc6 {[%emt 0:03:23] [#]} (19... Nh6 $11 20. Qg7 (20. Qxh7 d3 $17) 20... Bc6) 20. Ba3 $1 $36 {[%emt 0:02:40][%mdl 2048] White is really pushing.} Ne7 21. Rxc5 ({Don't play} 21. Qxh7 $6 Qd5 22. f3 (22. Bxc5 $2 Qh1#) 22... d3 $11) 21... Qg4 $2 (21... Rxh8 $16 22. Rxg5 {[%mdl 64] Discovered Attack} Nf5) 22. Qf6 $18 ({Not} 22. Qxh7 Qf3 23. Qh3+ Kb7 24. Rxc6 Nxc6 $14) 22... Qe4 23. f3 (23. Qxf7 $2 Qh1#) 23... Qe3+ 24. Kg2 Rd7 25. Rxc6+ Nxc6 26. Qxc6+ Rc7 27. Qa6+ Kd8 28. Rf2 {[%emt 0:00:44] [#] Strongly threatening Re2.} d3 {[%emt 0:00:27] Against Re2} 29. Bb4 Rc2 30. Qd6+ {[%emt 0:00:14] White mates.} Ke8 31. Rxc2 dxc2 32. Qc6+ {[%emt 0:00:04] Excellently played by Petrova!   Weighted Error Value: White=0.09 (flawless) /Black=0.56} (32. Qb8+ $142 Kd7 33. Qb7+ {[%mdl 64] Skewer} Kd8 34. Ba5+ (34. Qxf7 $2 {too greedy.} c1=Q $19) 34... Qb6 35. Bxb6+ axb6 36. Qxb6+ Kd7 37. Qc5) 1-0

[Event "European Women-ch 2023"]
[Site "Petrovac"]
[Date "2023.03.18"]
[Round "1.4"]
[White "Lomaia, Diana"]
[Black "Lazarne Vajda, Szidonia"]
[Result "0-1"]
[ECO "D31"]
[WhiteElo "1950"]
[BlackElo "2294"]
[Annotator "TA"]
[PlyCount "144"]
[EventDate "2023.03.15"]
[EventType "swiss"]
[EventCountry "MNE"]
[SourceTitle "playchess.com"]
[Source "ChessBase"]
[SourceQuality "1"]
[TimeControl "40/5400+30:1800+30"]

1. d4 d5 2. c4 e6 3. Nc3 Be7 4. cxd5 exd5 5. Bf4 c6 6. e3 Bf5 7. Nge2 Nf6 8. Ng3 {[%emt 0:01:24] D31: Queen's Gambit Declined: Semi-Slav without ...Nf6 (+ Marshall Gambit and Noteboom) and Exchange Variation lines without ...Nf6.} Be6 9. Bd3 Bd6 10. Bxd6 {[%emt 0:06:25] White is slightly better.} Qxd6 {[%emt 0:00:07] [#]} 11. Rb1 $146 ({Predecessor:} 11. Nf5 Bxf5 12. Bxf5 Nbd7 13. O-O O-O 14. Qc2 Rfe8 15. Rfe1 g6 16. Bd3 Kg7 17. h3 {½-½ Sandipan,C (2618)-Schroeder,J (2311) Pardubice Czech op-A 23rd 2012 (1)}) 11... a5 12. Qc2 Nbd7 13. h3 Nb6 14. b3 Nc8 15. O-O h6 16. e4 dxe4 17. Ncxe4 Qxd4 ({Black should play} 17... Nxe4 $14 18. Nxe4 (18. Bxe4 O-O $11) 18... Qxd4) 18. Nc5 (18. Rbd1 $16 Nd5 19. Bc4) 18... O-O $1 $11 19. Nxe6 fxe6 20. Rbe1 (20. Rbd1 $5 Qb4 21. Rfe1 $14) 20... Nb6 (20... Qd7 $11) 21. Rxe6 $14 {[%emt 0:03:58] Nf5 is the strong threat.} Rae8 22. Rxe8 Rxe8 23. Bg6 Rd8 24. Re1 Qd2 25. Qxd2 Rxd2 26. Re2 Rxe2 27. Nxe2 $11 {[%emt 0:00:04][%mdl 4096] Endgame KBN-KNN} Nfd5 28. Kf1 a4 29. Ke1 Kf8 30. Kd2 Ke7 31. bxa4 Nxa4 32. Bc2 Nc5 33. g3 Kf6 34. Nd4 Nb4 35. Bb1 Ne6 36. Ne2 Nd5 37. Be4 Ke5 38. Bg2 g5 39. a3 b5 40. Nc1 Nc5 41. Kc2 Kd6 (41... Ne4 $15 42. Nd3+ Kd4) 42. Ne2 Ne6 43. Kd3 Ke5 44. Kd2 c5 45. Bxd5 Kxd5 {[%emt 0:00:06] KN-KN} 46. Nc3+ Kc4 47. Kc2 (47. Ne4 $1 $15) 47... Nd4+ $1 $17 48. Kb2 Kd3 (48... h5 $1 $17 {White must now prevent ...Kd3.} 49. h4 gxh4 50. gxh4 Kd3) 49. f4 $1 $15 gxf4 50. gxf4 Kc4 51. Ne4 Nf5 52. Nc3 ({White should try} 52. Kc2 $15) 52... h5 $1 $17 53. Ne4 {[%emt 0:00:59] [#]} h4 $1 54. Nc3 {[%emt 0:01:12] [#]} (54. Kc2 $17 {was worth a try.}) 54... Nd6 $2 ({Better is} 54... Ne3 $1 $19 {[%cal Re3d5] Strongly threatening ...Nd5.} 55. a4 bxa4 56. Nxa4 Kd4) 55. Nd1 $2 (55. Kc2 $11) 55... Kd4 $2 (55... Kd3 $19 56. Nc3 Ne4) 56. Nc3 $11 Nc4+ 57. Kb3 Nd6 58. Kc2 Kc4 59. Kb2 Nf5 {[%emt 0:00:27] aiming for ...Ne3.} 60. Ne4 Kd4 61. Nc3 b4 62. axb4 $1 cxb4 63. Nb5+ $2 (63. Nb1 $11) 63... Ke4 64. Nc7 Nd4 (64... Kxf4 $142 65. Ne6+ Kg3 66. Kb3 Kxh3 67. Ng5+ Kg4 68. Ne4 Kf4 69. Nf2 Kg3 70. Ne4+ Kf4 71. Nf2 Kf3 72. Nh3 Kg3 73. Ng5 Nd6 74. Kxb4 Kg4 75. Ne6 h3 76. Nd4 h2 77. Kc5 Ne4+ 78. Kb4 h1=Q 79. Nc6 Qg1 80. Ne5+ Kf5 81. Nf3 Qf2 82. Nh4+ Qxh4 83. Kc4 Qf2 84. Kb4 Qb6+ 85. Kc4 Qb2 86. Kd5 Qc1 87. Kd4 Qc3+ 88. Kd5 Qc5#) 65. Na6 b3 {[%emt 0:00:53] Black mates.} 66. Kc3 {[%emt 0:00:30] [#]} Kxf4 $1 67. Nc5 {[%emt 0:00:26] [#]} Kg3 $1 68. Ne4+ (68. Nd3 Kxh3) 68... Kxh3 69. Kxd4 b2 70. Nd2 Kg2 71. Kc3 h3 72. Kxb2 h2 {[%emt 0:00:04] Weighted Error Value: White=0.28 (precise) /Black=0.33} 0-1

[Event "European Women-ch 2023"]
[Site "Petrovac"]
[Date "2023.03.18"]
[Round "1.5"]
[White "Osmak, Yuliia"]
[Black "Calzetta Ruiz, Monica"]
[Result "1-0"]
[ECO "D32"]
[WhiteElo "2445"]
[BlackElo "2185"]
[Annotator "TA"]
[PlyCount "71"]
[EventDate "2023.03.15"]
[EventType "swiss"]
[EventCountry "MNE"]
[SourceTitle "playchess.com"]
[Source "ChessBase"]
[SourceQuality "1"]
[TimeControl "40/5400+30:1800+30"]

1. d4 d5 2. c4 e6 3. Nc3 c5 4. cxd5 cxd4 5. Qa4+ Bd7 6. Qxd4 exd5 7. Qxd5 ({Much worse is} 7. Nxd5 Nc6 8. Qf4 Qa5+ 9. Nc3 (9. Qd2 $2 Bb4 $19) 9... Nb4 $11) 7... Nf6 {[%emt 0:00:22] D32: Tarrasch Defence: Sidelines and lines without g3.} 8. Qd1 Bc5 9. Nf3 $1 {[%emt 0:00:39] 9.Nf3 scores better than 9.e3.} O-O {[%emt 0:00:32] White is slightly better.} 10. a3 Qe7 11. Bg5 {[%emt 0:07:42] [#]} Bc6 $146 ({Predecessor:} 11... h6 12. Bxf6 Qxf6 13. e3 Rd8 14. Qb3 Bc6 15. Be2 Nd7 16. O-O Ne5 17. Nxe5 Qxe5 {1-0 So,W (2760)-Vakhlamov,I (2413) Titled Tuesday intern op 31st Jan Early blitz 2023 (7)}) 12. e3 Rd8 13. Qc2 Nbd7 14. Bb5 Bxb5 15. Nxb5 Rac8 16. Nc3 {[%emt 0:03:05][%cal Bb5c3,Bc3e2,Be2d4,Bd4f3][%mdl 32] White is more active.} h6 17. Bxf6 Nxf6 18. O-O Bd6 19. Rac1 Rc5 20. Qa4 Rdc8 21. Ne2 b5 (21... R8c7 $142) 22. Qb3 ({White should play} 22. Rxc5 Rxc5 23. Qa6) 22... Ng4 23. Rxc5 Rxc5 24. h3 Ne5 {[%emt 0:00:28] [#] ...Nxf3+ is the strong threat.} 25. Ned4 Nxf3+ 26. Nxf3 Qc7 27. Rd1 a6 28. Qd3 Rc6 29. Nd4 Rc1 30. Ne2 (30. Qd2 {simplifies} Rxd1+ 31. Qxd1 Be5 32. b3) 30... Bh2+ 31. Kh1 Rc2 {[%emt 0:00:11][%mdl 8192] This move loses the game for Black.} (31... Rxd1+ $16 {is tougher.} 32. Qxd1 Be5) 32. f4 $18 {[%emt 0:03:14] White is clearly winning.} Rxb2 (32... Bxf4 $142 33. Nxf4 Rc6) 33. Kxh2 {[%emt 0:00:13] [#] Strongly threatening Rc1.} Qc6 34. Rd2 Rxd2 35. Qxd2 Qb6 36. Qd4 {[%emt 0:01:15] Weighted Error Value: White=0.34/Black=0.38} 1-0

[Event "European Women-ch 2023"]
[Site "Petrovac"]
[Date "2023.03.18"]
[Round "1.5"]
[White "Narva, Mai"]
[Black "Froewis, Annika"]
[Result "1/2-1/2"]
[ECO "C78"]
[WhiteElo "2389"]
[BlackElo "2123"]
[Annotator "TA"]
[PlyCount "95"]
[EventDate "2023.03.15"]
[EventType "swiss"]
[EventCountry "MNE"]
[SourceTitle "playchess.com"]
[Source "ChessBase"]
[SourceQuality "1"]
[TimeControl "40/5400+30:1800+30"]

1. e4 e5 2. Nf3 Nc6 3. Bb5 a6 4. Ba4 Nf6 5. O-O b5 6. Bb3 Bc5 7. a4 Rb8 8. c3 d6 9. d4 Bb6 10. a5 $1 {[%emt 0:00:21] 10.a5 is better than 10.axb5. C78: Ruy Lopez: Archangelsk and Möller Defences.} Ba7 (10... Bxa5 $2 11. dxe5 (11. d5 Ne7 $18) 11... dxe5 12. Qxd8+ Kxd8 13. Bd5 (13. Bxf7 Bb6 $16) 13... Nxd5 14. exd5 $18) 11. h3 O-O 12. Be3 exd4 13. cxd4 Nb4 14. Nc3 Bb7 15. Bg5 h6 16. Bh4 c5 $1 {[%emt 0:10:49] [#]} (16... Bxe4 $2 17. Nxe4 g5 18. Nexg5 hxg5 19. Bxg5 $18) ({Don't do} 16... g5 17. Nxg5 hxg5 18. Bxg5 $16) 17. e5 $146 ({Predecessor:} 17. Re1 c4 18. Bc2 Nxc2 19. Qxc2 Re8 20. d5 g5 21. Bg3 {1-0 Bogner,S (2545)-Parvanyan,A (2428) Kiel Doppelbauer GM 2nd 2022 (1)}) 17... dxe5 18. dxe5 (18. dxc5 $1 $15 Re8 19. Bxf7+ {[%mdl 64] Decoy} Kxf7 20. Qb3+ Bd5 21. Qxb4 Bxf3 22. gxf3) 18... Qxd1 (18... g5 $1 $17 19. exf6 gxh4) 19. Raxd1 $11 Nh5 {[%emt 0:03:23][%cal Bf6h5,Bh5f4,Bf4h3][%mdl 32] ...g5 is the strong threat.} 20. Be7 Rfe8 21. Rd7 {[%emt 0:17:34][%cal Ob3f7] [#]} Rxe7 22. Rxe7 c4 23. Ba2 Nd3 24. Bb1 Nhf4 25. Ne4 Nxb2 26. Nd6 {[%emt 0:15:15][%csl LRb7,LRf7] Really sharp!} Bxf3 27. gxf3 (27. Rxa7 $11 Bxg2 28. Rxa6) 27... Bc5 $1 $17 28. Rc7 Nbd3 29. Nxf7 Nxh3+ {[%emt 0:02:53] Excellent horsemanship.} (29... Bb4 $1 $17 30. Bxd3 Nxd3) 30. Kh2 $132 {[%emt 0:01:18][%mdl 2048] White is fighting back} Nhxf2 31. Nd6 {[%emt 0:04:21] Black must now prevent Rg1.} Bd4 32. Re7 (32. f4 $1 $11 {keeps the balance.} Nxf4 33. Rc6) 32... Nxe5 $2 {[%emt 0:01:38] [#]} ({Black should try} 32... Rf8 $1 $17 {[%cal Of2g4] Threatens to win with ...Ng4+!} 33. Kg3 h5) 33. Rxf2 ({White should play} 33. Nf5 $1 $14 Nxf3+ 34. Kg2) 33... Nc6 {[%emt 0:00:31] [#]} (33... Kf8 $11 {remains equal.}) 34. Nf5 $2 Bxf2 $17 35. Rxg7+ {[%emt 0:00:13] [#]} Kf8 (35... Kh8 $1 $17 {[%cal Of2e3] ...Be3! would be deadly.} 36. Rg6 Nb4 37. Rxh6+ Kg8 38. Ne7+ Kg7 39. Rg6+ Kf7) 36. Rc7 $2 (36. Rh7 $11) 36... Nxa5 $19 37. Rh7 Rb7 $2 ({Better is} 37... Rb6 $19 {And now ...Nb3 would win.} 38. Be4 Ke8 39. Rh8+ Kf7) 38. Rh8+ $11 Kf7 {[%emt 0:00:02] Hoping for ...Rd7.} 39. Nd6+ Ke6 40. Rxh6+ Ke5 {[%emt 0:00:00] Strongly threatening ...Rb6.} 41. Nxb7 Nxb7 42. Rxa6 {[%emt 0:01:56][%cal Of3f4][%mdl 4096] Endgame KRB-KBN} Bc5 43. Kg2 b4 {[%emt 0:04:18][%cal Bb5b4,Bb4b3][%mdl 1056] Black has compensation.} 44. Kf1 b3 45. Ke2 c3 (45... Kd4 $15) 46. Ra8 {[%emt 0:01:52] The position is equal.} c2 47. Bxc2 bxc2 48. Kd2 {[%emt 0:00:12] An exciting game.   Weighted Error Value: White=0.30/Black=0.27 (precise)} 1/2-1/2